 Dungeon Crawl Stone Soup version 0.29.1-1-gd02db6906a (webtiles) character file.

Game seed: 16726055637806665965

7474 halvedace the Cruncher (level 10, -1/83 HPs)
             Began as a Minotaur Berserker on Oct 13, 2022.
             Was a High Priest of Trog.
             Slain by a vampire mosquito (9 damage)
             ... on level 10 of the Dungeon on Oct 14, 2022.
             The game lasted 00:38:38 (8403 turns).

halvedace the Cruncher (Minotaur Berserker)         Turns: 8403, Time: 00:38:38

Health: -1/83      AC: 10    Str: 34    XL:     10   Next: 94%
Magic:  3/3        EV: 14    Int: 10    God:    Trog [*****.]
Gold:   462        SH:  0    Dex: 10    Spells: 9/9 levels left

rFire   . . .      SeeInvis +   H - +7 falchion of Annoyance {antimagic, Str+6 SInv}
rCold   + . .      Faith    .   (no shield)
rNeg    . . .      Spirit   .   w - +3 leather armour {rC+}
rPois   .          Reflect  .   (helmet restricted)
rElec   +          Harm     .   o - +0 cloak
rCorr   .          Rampage  +   f - +0 pair of gloves
Will    .....                   F - +0 pair of boots {rampage}
Stlth   ++........              v - amulet of regeneration
HPRegen 1.03/turn               s - ring of Xom's Passing Interest {rElec Will- Str+2 Int+6}
MPRegen 0.08/turn               (no ring)

@: no status effects
A: horns 2, retaliatory headbutt, frail 1
a: Renounce Religion, Berserk, Trog's Hand, Brothers in Arms


You were on level 10 of the Dungeon.
You worshipped Trog.
Trog was extremely pleased with you.
You visited 1 branch of the dungeon, and saw 10 of its levels.

You collected 652 gold pieces.
You spent 190 gold pieces at shops.

Inventory:

Hand Weapons
 e - a +0 dagger of holy wrath
 m - a +2 short sword of speed
 n - a +6 quarterstaff of chaos
 H - the +7 falchion of Annoyance (weapon) {antimagic, Str+6 SInv}
   (You found it on level 9 of the Dungeon)

   It reduces the magical energy of the wielder, and disrupts the spells and
   magical abilities of those it strikes.
   Natural abilities and divine invocations are not affected.
   Str:       It affects your strength (+6).
   SInv:      It lets you see invisible.
Missiles
 j - 15 poisoned darts (quivered)
 q - 3 curare-tipped darts
 r - 11 throwing nets
Armour
 f - a +0 pair of gloves (worn)
 o - a +0 cloak (worn)
 w - a +3 leather armour of cold resistance (worn)
 D - the +1 leather armour "Fuec" {Dex+4}
   (You found it on level 8 of the Dungeon)

   Dex:       It affects your dexterity (+4).
 F - a +0 pair of boots of rampaging (worn)
Jewellery
 s - the ring of Xom's Passing Interest (left hand) {rElec Will- Str+2 Int+6}
   (You acquired it on level 4 of the Dungeon)

   [ring of intelligence]

   Str:       It affects your strength (+2).
   Int:       It affects your intelligence (+6).
   rElec:     It insulates you from electricity.
   Will:      It decreases your willpower.
 v - an amulet of regeneration (around neck)
 B - a +6 ring of intelligence
 C - a ring of magical power
 I - a ring of protection from cold
Wands
 d - a wand of flame (22)
 t - a wand of roots (2)
 x - a wand of paralysis (8)
 y - a wand of digging (5)
 E - a wand of polymorph (3)
 G - a wand of quicksilver (4)
Scrolls
 a - a scroll of noise
 k - 5 scrolls of teleportation
 l - a scroll of immolation
 u - 4 scrolls of identify
 A - a scroll of magic mapping
Potions
 b - 2 potions of attraction
 c - a potion of brilliance
 g - 6 potions of curing
 h - 2 potions of lignification
 i - a potion of haste
 p - a potion of heal wounds
 z - 2 potions of berserk rage
 J - 2 potions of flight


   Skills:
 + Level 9.9 Fighting
 + Level 2.0 Long Blades
 + Level 5.1 Axes
 + Level 12.9 Staves
 + Level 1.6 Throwing
 + Level 7.3 Armour
 + Level 7.4 Dodging
 + Level 3.2 Stealth
 + Level 0.1 Evocations


You had 9 spell levels left.
You didn't know any spells.
Your spell library contained the following spells:

 Spells                   Type           Power      Damage    Failure   Level
 Poisonous Vapours        Pois/Air       0%         N/A       52%         2
 Corpse Rot               Necr/Pois/Air  0%         N/A       99%         4


Dungeon Overview and Level Annotations

Branches:
Dungeon (10/15)            Temple (0/1) D:7
   Lair: D:8-11         Orc: D:9-12

Altars:
Dithmenos
Hepliaklqana
Okawaru
Ru
Sif Muna
Trog
Uskayaw
Xom
Zin
Jiyva

Shops:
D:5 (*:?   D:10 =


Innate Abilities, Weirdness & Mutations

You have a pair of horns on your head.
You reflexively headbutt those who attack you in melee.
You are frail. (-10% HP)


Message History

You furiously retaliate!
You headbutt the vampire mosquito! The vampire mosquito misses you.
You furiously retaliate!
You headbutt the vampire mosquito. The vampire mosquito barely misses you.
You closely miss the vampire mosquito.
The vampire mosquito is moderately damaged.
The vampire mosquito bites you.
The vampire mosquito draws strength from your injuries!
The vampire mosquito bites you.
The vampire mosquito draws strength from your injuries!
The vampire mosquito bites you.
The vampire mosquito draws strength from your injuries!
The vampire mosquito misses you.
You hit the vampire mosquito but do no damage.
The vampire mosquito is moderately damaged.
The vampire mosquito bites you.
The vampire mosquito draws strength from your injuries!
The vampire mosquito bites you but does no damage.
The vampire mosquito closely misses you.
You furiously retaliate!
You headbutt the vampire mosquito, but do no damage.
The vampire mosquito bites you.
* * * LOW HITPOINT WARNING * * *
The vampire mosquito draws strength from your injuries!
The vampire mosquito misses you. You furiously retaliate!
You headbutt the vampire mosquito.
The vampire mosquito closely misses you.
The vampire mosquito bites you.
* * * LOW HITPOINT WARNING * * *
The vampire mosquito draws strength from your injuries!
The vampire mosquito bites you but does no damage.
The vampire mosquito attacks as you move away!
The vampire mosquito bites you.
* * * LOW HITPOINT WARNING * * *
The vampire mosquito draws strength from your injuries!
The vampire mosquito bites you!
* * * LOW HITPOINT WARNING * * *
The vampire mosquito draws strength from your injuries!
The vampire mosquito closely misses you.
The vampire mosquito bites you!
You die...

#.#
########.###########
...................#
.....)...###........
.........###<###....
..........###.......
##........###...#...
##.................#
......<@y........##
######.#yc..)....#
#####.#..###....#
.$....#..# ....#
>...∩.†..# ....#
.#.##....# ....#
.......... ....♣
.#.##.#.##+#..#.. #
..... ..#♣..


You could see 2 vampire mosquitoes and a centaur.

Vanquished Creatures
  A two-headed ogre (D:10)
  Pikel (D:5)
  Maurice (D:8)
  The ghost of fireball365 the Covered, an amateur MiFi (D:5)
  A troll (D:8)
  A hornet (D:9)
  Grinder (D:5)
  6 yaks (D:9)
  A steam dragon (D:9)
  Grum (D:8)
  6 vampire mosquitoes (D:10)
  An acid dragon (D:9)
  A sky beast (D:7)
  2 black bears
  3 ice beasts
  2 ogres
  2 centaurs
  A lemure (D:5)
  Blork the orc (D:4)
  2 kobold brigands
  3 bullfrogs
  2 gnoll sergeants (D:8)
  4 wights (D:8)
  2 howler monkeys
  12 hounds
  Crazy Yiuf (D:2)
  4 gnoll boudas
  4 orc priests
  5 iguanas
  4 jellies (D:8)
  6 orc wizards
  Natasha (D:4)
  28 gnolls
  6 adders
  A white imp (D:8)
  2 ufetubi
  A worm (D:5)
  A dart slug (D:1)
  21 orcs
  10 endoplasms
  2 giant cockroaches (D:2)
  14 goblins
  9 hobgoblins
  7 jackals
  16 kobolds
  3 quokkas
  5 ball pythons
  5 bats
  2 frilled lizards
  4 rats
221 creatures vanquished.

Vanquished Creatures (collateral kills)
  An orc warrior (D:9)
1 creature vanquished.

Grand Total: 222 creatures vanquished

Notes
Turn   | Place    | Note
-------+----------+-------------------------------------------
     0 | D:1      | halvedace the Minotaur Berserker began the quest for the
                  | Orb.
     0 | D:1      | Reached XP level 1. HP: 19/19 MP: 0/0
   254 | D:1      | Reached XP level 2. HP: 27/27 MP: 1/1
   936 | D:1      | Found a faded altar of an unknown god.
  1004 | D:1      | Reached ** piety under Trog
  1005 | D:1      | Reached XP level 3. HP: 30/33 MP: 2/2
  1709 | D:2      | Found a runed translucent door.
  1710 | D:2      | Noticed Crazy Yiuf
  2267 | D:2      | Killed Crazy Yiuf
  2268 | D:2      | Reached XP level 4. HP: 41/41 MP: 3/3
  2805 | D:3      | Reached skill level 5 in Axes
  2808 | D:3      | Reached XP level 5. HP: 36/47 MP: 4/4
  3101 | D:3      | Reached skill level 1 in Staves
  3405 | D:4      | Identified a scroll of acquirement
  3405 | D:4      | Acquired the ring of Xom's Passing Interest {rElec Will-
                  | Str+2 Int+6}
  3446 | D:4      | Reached *** piety under Trog
  3500 | D:4      | Reached skill level 2 in Staves
  3560 | D:4      | Found a shimmering altar of Xom.
  3562 | D:4      | Noticed Blork the orc
  3567 | D:4      | Killed Blork the orc
  3568 | D:4      | Reached XP level 6. HP: 45/53 MP: 5/5
  3759 | D:4      | Reached skill level 3 in Staves
  4084 | D:4      | Noticed Natasha
  4084 | D:4      | Killed Natasha
  4085 | D:4      | Reached skill level 1 in Stealth
  4133 | D:5      | Entered Level 5 of the Dungeon
  4187 | D:5      | Reached skill level 4 in Staves
  4187 | D:5      | Reached skill level 5 in Armour
  4200 | D:5      | Found Ydorud's Book Shoppe.
  4243 | D:5      | Noticed Grinder
  4254 | D:5      | Paralysed by something for 3 turns
  4257 | D:5      | Killed Grinder
  4258 | D:5      | Reached skill level 5 in Fighting
  4258 | D:5      | Reached XP level 7. HP: 54/61 MP: 6/6
  4388 | D:5      | Reached skill level 5 in Staves
  4398 | D:5      | Found a shadowy altar of Dithmenos.
  4400 | D:5      | Found a sacrificial altar of Ru.
  4421 | D:5      | Found Ynusmoup's General Store.
  4458 | D:5      | Found Ystriq's Weapon Emporium.
  4467 | D:5      | Bought a +2 leather armour of cold resistance for 190 gold
                  | pieces
  4556 | D:5      | Found a runed translucent door.
  4556 | D:5      | Noticed fireball365's ghost (amateur MiFi)
  4590 | D:5      | Noticed Pikel
  4600 | D:5      | Killed Pikel
  4601 | D:5      | Reached skill level 7 in Staves
  4601 | D:5      | Reached XP level 8. HP: 63/70 MP: 7/7
  4735 | D:5      | Found Quliuwnu's Magic Scroll Emporium.
  5157 | D:5      | Killed fireball365's ghost
  5158 | D:5      | Reached skill level 8 in Staves
  5214 | D:6      | You fall into a shaft and drop 3 floors!
  5237 | D:8      | Found a hide-covered altar of Uskayaw.
  5258 | D:8      | Reached **** piety under Trog
  5333 | D:8      | Reached skill level 9 in Staves
  5496 | D:6      | Reached XP level 9. HP: 49/78 MP: 8/8
  5987 | D:7      | Found a hazy altar of Hepliaklqana.
  6089 | D:7      | Found a bloodstained altar of Trog.
  6327 | D:7      | Found a staircase to the Ecumenical Temple.
  6469 | D:7      | Reached skill level 10 in Staves
  6531 | D:8      | Reached skill level 5 in Dodging
  6556 | D:8      | Identified the +1 leather armour "Fuec" {Dex+4}
  6598 | D:8      | Found a shimmering blue altar of Sif Muna.
  6639 | D:8      | Noticed a troll
  6652 | D:8      | Killed a troll
  6840 | D:8      | Noticed Maurice
  6843 | D:8      | Reached ***** piety under Trog
  6844 | D:8      | Reached skill level 11 in Staves
  6856 | D:8      | Killed Maurice
  6857 | D:8      | Reached XP level 10. HP: 90/90 MP: 9/9
  6866 | D:8      | Noticed Grum
  6873 | D:8      | Killed Grum
  6886 | D:8      | Gained mutation: You are frail. (-10% HP) [potion of
                  | mutation]
  6950 | D:8      | Found a viscous altar of Jiyva.
  7490 | D:9      | HP: 4/81 [yak (5)]
  7494 | D:9      | Reached skill level 12 in Staves
  7498 | D:9      | Reached skill level 1 in Throwing
  7570 | D:9      | Found an iron altar of Okawaru.
  7746 | D:9      | Identified the +7 falchion of Annoyance {antimagic, Str+6
                  | SInv}
  8268 | D:9      | Found a glowing silver altar of Zin.
  8340 | D:10     | Entered Level 10 of the Dungeon
  8340 | D:10     | Noticed a two-headed ogre
  8362 | D:10     | Found Uwaw Mumi's Jewellery Emporium.
  8380 | D:10     | Killed a two-headed ogre
  8403 | D:10     | Slain by a vampire mosquito

Illustrated notes

Levels and vault maps discovered:
D:1:      spicycebolla_arrival_transporter_tutorial, layout_basic,
          hellmonk_ecumenical_altar_leap_of_faith, serial_bayou_pond_e,
          hangedman_decor_push
D:2:      cheibrodos_greedy_goblins, layout_loops_corners,
          uniq_crazy_yiuf_cottage
D:3:      layout_basic
D:4:      layout_basic, xom_teletrap_fun, hangedman_minor_gate_pass,
          uniq_natasha, uniq_blork_the_orc
D:5:      layout_loops_corners, minitemple, hellmonk_ghost_happy_afterlife,
          serial_shops, shop_coins, nicolae_shop_behind_doors,
          nicolae_shop_advertising_works [nicolae_subvault_shop_adworks], shop,
          hangedman_decor_clover_reticule, uniq_pikel, uniq_grinder
D:6:      layout_rooms
D:7:      layout_loops_ring, old_standard_altar, lemuel_tele_altar, temple_hall
D:8:      layout_cave_pools, amcnicky_altar_gilded,
          mainiacjoe_overflow_concentric_impassable, serial_gnoll_camp,
          gnoll_camp_medium_01, gnoll_camp_medium_02, grums_kennel,
          gnoll_camp_mini_doghouse, gnoll_camp_mini_house,
          chequers_serial_rivers_marsh, jiyva_altar_1, uniq_maurice
D:9:      layout_roguey, kennysheep_okawaru_gauntlet, zin_treasury,
          serial_curves, eino_curves_01, eino_curves_01, eino_curves_04
D:10:     layout_basic, kennysheep_ying_yang, mainiacjoe_overflow_boulevard,
          minmay_lair_entry_grove, hiddenorc1_lemuel, serial_shops, shop,
          enter_bailey_3, minmay_statue_crystal_thing

Skill      XL: |  1  2  3  4  5  6  7  8  9 10 |
---------------+-------------------------------+-----
Axes           | 4 5 |  5.1
Fighting       | 4 5 6 8 9 |  9.9
Armour         | 3 4 5 6 7 |  7.3
Staves         | 2 4 7 9 11 12 | 12.9
Dodging        | 3 4 6 7 |  7.4
Stealth        | 1 2 3 |  3.2
Throwing       | 1 |  1.6
Long Blades    | 2 |  2.0
Evocations     | |  0.1

Action                   |  1- 3 |  4- 6 |  7- 9 | 10-12 || total
-------------------------+-------+-------+-------+-------++-------
Melee: Hand axe          |    77 |       |       |       ||    77
       Headbutt          |     8 |     5 |    31 |    22 ||    66
       Short sword       |    12 |       |       |       ||    12
       Quarterstaff      |       |    84 |   220 |    99 ||   403
       Falchion          |       |       |       |    36 ||    36
Throw: Dart              |       |     3 |     1 |     9 ||    13
Evoke: Wand              |       |       |       |     2 ||     2
  Use: Scroll            |     7 |     5 |     5 |     1 ||    18
       Potion            |     3 |     2 |     6 |     7 ||    18
 Stab: Sleeping          |       |       |     2 |       ||     2
Armor: Animal skin       |     3 |       |       |       ||     3
       Ring mail         |    25 |    35 |    16 |       ||    76
       Leather armour    |       |       |    74 |    83 ||   157
Dodge: Dodged            |    43 |    49 |   116 |   150 ||   358
